 Dungeon Crawl Stone Soup version 0.27-a0-1277-g3808f8b1c9 (webtiles) character file.

Game seed: 13399000145946205933

470830 Feb132020 the Cloud Mage (level 24, -3/160 HPs)
             Began as a Tengu Air Elementalist on June 8, 2021.
             Was the Champion of Ashenzari.
             Killed from afar by a hell hog (37 damage)
             ... with a fireball
             ... on level 1 of the Depths on June 12, 2021.
             The game lasted 07:06:49 (60791 turns).

Feb132020 the Cloud Mage (Tengu Air Elementalist)  Turns: 60791, Time: 07:06:49

Health: -3/160     AC: 21    Str: 15    XL:     24   Next: 66%
Magic:  35/52      EV: 29    Int: 25    God:    Ashenzari [******]
Gold:   501        SH: 17    Dex: 19    Spells: 17/72 levels left

rFire    . . .     SeeInvis +   b - +9 club of the Unyielding Gaze {vamp, Fort, Self} (curse)
rCold    + . .     Faith    .   H - +3 buckler "Bound Disappointment" {Self, Cun} (curse)
rNeg     . . .     Spirit   .   N - +4 troll leather armour "Tethered With Me" {Regen+, Self, Evo} (curse)
rPois    +         Reflect  +   z - +2 hat of Ashenzari's Omen {Self, Cun} (curse)
rElec    .         Harm     +   f - scarf of Ashenzari's Soothsayer {harm, Fort, Cun} (curse)
rCorr    +         Rampage  .   R - +3 pair of gauntlets of War {Slay+5, Elem, Self} (curse)
Will     +....     Clarity  +   (boots unavailable)
Stlth    ++++++....             I - amulet "Mantic Negligence" {Reflect SH+5, Evo, Elem} (curse)
HPRegen  1.36/turn              i - ring "Ruined Atheism" {AC+4, Self, Melee} (curse)
MPRegen  0.33/turn              m - ring "Oscillating Fan" {rPois rC+ rCorr Int+4 Dex+4, Bglg, Melee} (curse)

@: flying quickly and evasively, studying 2 skills, quick
A: beak, talons 3, nimble flight, antennae 1, iridescent scales 1, deformed
body, wild magic 1
}: 2/15 runes: decaying, gossamer
a: Renounce Religion, Shatter the Chains


You were on level 1 of the Depths.
You worshipped Ashenzari.
Ashenzari was exalted by your worship.
You visited 10 branches of the dungeon, and saw 43 of its levels.
You visited the Abyss 1 time.
You visited 1 bazaar.
You also visited: Ossuary and Bailey.

You collected 4161 gold pieces.
You spent 3660 gold pieces at shops.

Inventory:

Hand Weapons
 a - a +4 dagger of venom
 b - the cursed +9 club of the Unyielding Gaze (weapon) {vamp, Fort, Self}
   (You took it off Ijyb on level 4 of the Dungeon)

   It inflicts no extra harm, but heals its wielder when it wounds a living foe.
   It has a curse which improves the following skills: Fortitude: Armour and
   Shields.
   Introspection: Fighting and Spellcasting.
 n - the +5 scimitar of the Saving Badger {flame, rCorr Int+3}
   (You found it on level 6 of the Lair of Beasts)

   It has been specially enchanted to burn those struck by it, causing extra
   injury to most foes and up to half again as much damage against particularly
   susceptible opponents.
   Big, fiery blades are also staple armaments of hydra-hunters.
   It affects your intelligence (+3).
   It protects you from acid and corrosion.
Missiles
 r - 7 curare-tipped darts
Armour
 f - the cursed scarf of Ashenzari's Soothsayer (worn) {harm, Fort, Cun}
   (You found it on level 3 of the Spider Nest)

   It has a curse which improves the following skills: Fortitude: Armour and
   Shields.
   Cunning:   Dodging and Stealth.
 z - the cursed +2 hat of Ashenzari's Omen (worn) {Self, Cun}
   (You took it off Gastronok on level 9 of the Dungeon)

   It has a curse which improves the following skills: Introspection: Fighting
   and Spellcasting.
   Cunning:   Dodging and Stealth.
 G - the +0 robe "Sekluwnu" {rF+ Str+4}
   (You found it on level 3 of the Abyss)

   It affects your strength (+4).
   It protects you from fire.
 H - the cursed +3 buckler "Bound Disappointment" (worn) {Self, Cun}
   (You bought it in a shop on level 5 of the Dungeon)

   It has a curse which improves the following skills: Introspection: Fighting
   and Spellcasting.
   Cunning:   Dodging and Stealth.
 L - a +0 cloak
 N - the cursed +4 troll leather armour "Tethered With Me" (worn) {Regen+, Self, Evo}
   (You found it on level 8 of the Dungeon)

   It increases your rate of health regeneration.
   It has a curse which improves the following skills: Introspection: Fighting
   and Spellcasting.
   Evocations: Evocations.
 R - the cursed +3 pair of gauntlets of War (worn) {Slay+5, Elem, Self}
   (You bought it in a shop on level 2 of the Orcish Mines)

   It affects your accuracy and damage with ranged weapons and melee attacks
   (+5).
   It has a curse which improves the following skills: Elements: Fire Magic, Ice
   Magic, Air Magic and Earth Magic.
   Introspection: Fighting and Spellcasting.
 S - a +2 robe of cold resistance
Jewellery
 i - the cursed ring "Ruined Atheism" (left hand) {AC+4, Self, Melee}
   (You found it on level 2 of the Dungeon)

   [ring of protection]

   It affects your AC (+4).
   It has a curse which improves the following skills: Introspection: Fighting
   and Spellcasting.
   Melee Combat: Short Blades, Long Blades, Axes, Maces & Flails, Polearms,
   Staves and Unarmed Combat.
 m - the cursed ring "Oscillating Fan" (right hand) {rPois rC+ rCorr Int+4 Dex+4, Bglg, Melee}
   (You found it on level 1 of the Spider Nest)

   [ring of resist corrosion]

   It affects your intelligence (+4).
   It affects your dexterity (+4).
   It protects you from cold.
   It protects you from poison.
   It protects you from acid and corrosion.
   It has a curse which improves the following skills: Beguiling: Conjurations,
   Hexes and Translocations.
   Melee Combat: Short Blades, Long Blades, Axes, Maces & Flails, Polearms,
   Staves and Unarmed Combat.
 I - the cursed amulet "Mantic Negligence" (around neck) {Reflect SH+5, Evo, Elem}
   (You found it on level 7 of the Dungeon)

   [amulet of reflection]

   It reflects blocked missile attacks.
   It affects your SH (+5).
   It has a curse which improves the following skills: Evocations: Evocations.
   Elements:  Fire Magic, Ice Magic, Air Magic and Earth Magic.
Wands
 d - a wand of digging (16)
 o - a wand of mindburst (55)
 v - a wand of acid (25)
 x - a wand of flame (175)
 V - a wand of iceblast (44)
Scrolls
 j - 3 scrolls of fog
 k - a scroll of holy word
 q - a scroll of enchant weapon
 u - 8 scrolls of amnesia
 B - 5 scrolls of silence
 D - 6 scrolls of magic mapping
 M - 10 scrolls of teleportation
 O - 5 scrolls of enchant armour
 T - 2 scrolls of fear
 X - 3 scrolls of blinking
Potions
 c - a potion of experience
 e - a potion of resistance
 g - 6 potions of magic
 h - 4 potions of invisibility
 l - 6 potions of heal wounds
 p - 18 potions of curing
 t - 9 potions of mutation
 w - 8 potions of lignification
 y - 5 potions of haste
 C - 4 potions of berserk rage
 E - 13 potions of brilliance
 Y - 3 potions of might
Miscellaneous
 s - a phantom mirror
 A - a phantom mirror
 F - a lightning rod (1/4)
 J - a box of beasts
 K - a phantom mirror
 P - a condenser vane (inert)
 Q - a phantom mirror
 U - a tin of tremorstones (2/2)
 W - a phantom mirror
 Z - a phantom mirror


   Skills:
 + Level 10.2(18.9) Fighting
 + Level 4.1(8.4) Short Blades
 + Level 14.3(18.3) Maces & Flails
 + Level 11.0(15.2) Armour
 + Level 13.6(19.0) Dodging
 + Level 11.0(16.5) Stealth
 + Level 15.0(19.0) Shields
 + Level 16.4(24.6) Spellcasting
 + Level 11.2(14.0) Conjurations
 + Level 0.1(0.5) Hexes
 * Level 8.2 Necromancy
 + Level 2.0(4.3) Translocations
 + Level 3.4 Transmutations
 + Level 10.8(15.0) Fire Magic
 + Level 2.0(5.3) Ice Magic
 + Level 21.3(24.8) Air Magic
 + Level 7.4(11.9) Earth Magic
 + Level 0.2 Poison Magic
 + Level 4.7(9.1) Evocations


You had 17 spell levels left.
You knew the following spells:

 Your Spells              Type           Power      Damage    Failure   Level
a - Shock                 Conj/Air       100%       1d9       1%          1
b - Static Discharge      Conj/Air       100%       N/A       1%          2
c - Airstrike             Air            58%        N/A       1%          4
d - Lightning Bolt        Conj/Air       52%        1d74      1%          5
e - Dazzling Flash        Conj/Hex       100%       N/A       1%          3
f - Sticky Flame          Conj/Fire      94%        2d10      1%          4
g - Fireball              Conj/Fire      47%        3d19      1%          5
h - Mephitic Cloud        Conj/Pois/Air  90%        N/A       1%          3
i - Freezing Cloud        Conj/Ice/Air   47%        6-21      1%          5
j - Storm Form            Tmut/Air       46%        N/A       5%          7
k - Dispel Undead         Necr           76%        3d25      1%          4
l - Lee's Rapid Deconstr  Erth           43%        3d22*     1%          5
p - Passwall              Tmut/Erth      61%        N/A       1%          2
s - Swiftness             Air            100%       N/A       1%          3
B - Blink                 Tloc           N/A        N/A       1%          2

Your spell library contained the following spells:

 Spells                   Type           Power      Damage    Failure   Level
 Animate Skeleton         Necr           100%       N/A       1%          1
 Beastly Appendage        Tmut           100%       N/A       1%          1
 Foxfire                  Conj/Fire      100%       2x1d9     1%          1
 Pain                     Necr           100%       1d9       1%          1
 Sandblast                Erth           100%       2d20      1%          1
 Corpse Rot               Necr/Air       N/A        N/A       1%          2
 Ensorcelled Hibernation  Hex/Ice        100%       N/A       1%          2
 Poisonous Vapours        Pois/Air       100%       N/A       1%          2
 Sublimation of Blood     Necr           38%        N/A       1%          2
 Wereblood                Tmut           58%        N/A       1%          2
 Conjure Flame            Conj/Fire      94%        6-21      1%          3
 Gell's Gravitas          Tloc           31%        N/A       1%          3
 Inner Flame              Hex/Fire       74%        N/A       1%          3
 Lesser Beckoning         Tloc           31%        N/A       1%          3
 Stone Arrow              Conj/Erth      100%       3d13      1%          3
 Teleport Other           Tloc           62%        N/A       1%          3
 Vampiric Draining        Necr           38%        2d11      1%          3
 Animate Dead             Necr           38%        N/A       1%          4
 Petrify                  Tmut/Erth      74%        N/A       1%          4
 Bolt of Magma            Conj/Fire/Erth 46%        4d19      1%          5
 Borgnjor's Vile Clutch   Necr/Erth      41%        N/A       1%          5
 Iskenderun's Battlesphe  Conj           92%        2d14      1%          5
 Silence                  Hex/Air        44%        N/A       1%          5
 Conjure Ball Lightning   Conj/Air       52%        3x3d18    1%          6
 Iron Shot                Conj/Erth      45%        9d9       1%          6
 Corona                   Hex            47%        N/A       2%          1
 Animate Armour           Summ/Erth      100%       N/A       2%          4
 Agony                    Necr           76%        N/A       2%          5
 Excruciating Wounds      Necr           38%        N/A       2%          5
 Spider Form              Tmut/Pois      25%        N/A       3%          3
 Ice Form                 Ice/Tmut       62%        N/A       3%          4
 Passage of Golubria      Tloc           N/A        N/A       3%          4
 Confusing Touch          Hex            43%        N/A       5%          3
 Tukima's Dance           Hex            43%        N/A       5%          3
 Orb of Destruction       Conj           46%        9d15      5%          7
 Manifold Assault         Tloc           62%        N/A       10%         5
 Spellforged Servitor     Conj/Summ      36%        N/A       61%         7
 Invisibility             Hex            21%        N/A       88%         6
 Shadow Creatures         Summ           N/A        N/A       92%         6


Dungeon Overview and Level Annotations

Branches:
Dungeon (15/15)            Temple (1/1) D:5            Lair (6/6) D:8
  Swamp (4/4) Lair:4       Spider (4/4) Lair:3        Slime (0/5) Lair:6
    Orc (2/2) D:9             Elf (3/3) Orc:2        Vaults (4/5) D:13
  Crypt (3/3) Vaults:3     Depths (1/5) D:15        Ossuary (visited)
 Bailey (visited)
   Tomb: Crypt:3

Altars:
Ashenzari
Cheibriados
Dithmenos
Elyvilon
Fedhas
Gozag
Hepliaklqana
Kikubaaqudgha
Makhleb
Nemelex Xobeh
Okawaru
Qazlal
Ru
Sif Muna
Trog
Uskayaw
Vehumet
Wu Jian
Xom
Yredelemnul
Zin
The Shining One
Beogh
Lugonu

Shops:
D:5 [   D:9 *(:   D:10 *   Orc:1 !   Orc:2 [!(:   Vaults:1 =

Portals:
Hell: Depths:1
Trove: D:14 (give +2 storm dragon scales)

Annotations:
D:2 Sigmund
D:3 1 runed translucent door, PonderousOgre's ghost, amateur FoEE
D:4 Edmund
D:7 exclusion: door
Elf:1 exclusion: deep elf sorcerer
Elf:2 3 runed translucent doors
Elf:3 exclusions: 2 deep elf demonologists and sensed monster (detected)
Crypt:2 3 runed translucent doors, exclusion: eidolon, Asajosug's ghost, legendary GrBe
Crypt:3 Mennas!, Jory; Khufu; Mennas


Innate Abilities, Weirdness & Mutations

You have a beak for a mouth.
You have claws for feet.
Your magical nature lets you fly swiftly and evasively.
You have a pair of small antennae on your head.
You are partially covered in iridescent scales. (AC +2)
Armour fits poorly on your strangely shaped body.
Your spells are a little harder to cast, but a little more powerful.


Message History

The hell knight shouts!
The hell hog squeals angrily. x2
The hell hog breathes fire at you.
The fireball explodes!
The fireball engulfs you. The hell hog breathes fire at you.
The fireball explodes!
The fireball engulfs you!! The hell hog breathes fire at you.
The fireball explodes!
The fireball engulfs you!!
The hell knight casts a spell.
The hell knight seems to speed up.
Casting: Airstrike (safe; 1% risk of failure)
Confirm with . or Enter, or press ? or * to list all spells.
Aiming: Freezing Cloud (mildly dangerous; 1% risk of failure)
Press: ? - help, Dir - move target, f - hell hog
Aim: a hell hog (catching its breath)
The hell knight is engulfed in freezing vapours. x2
The hell hog is engulfed in freezing vapours. x2
The hell knight is engulfed in freezing vapours. x2
Casting: Freezing Cloud (mildly dangerous; 1% risk of failure)
Confirm with . or Enter, or press ? or * to list all spells.
Aiming: Freezing Cloud (mildly dangerous; 1% risk of failure)
Press: ? - help, Dir - move target, f - hell hog, p - hell hog
Aim: a hell hog (catching its breath)
The hell hog is engulfed in freezing vapours. x4
The hell knight is engulfed in freezing vapours. x2
The hell hog is engulfed in freezing vapours. x4
Unknown command.
The hell knight is engulfed in freezing vapours. x2
The hell hog is engulfed in freezing vapours.
The hell hog breathes fire at you.
The fireball explodes!
The fireball engulfs you!
The hell hog is engulfed in freezing vapours.
The hell hog breathes fire at you.
The fireball explodes!
The fireball engulfs you!!
* * * LOW HITPOINT WARNING * * *
The hell hog is engulfed in freezing vapours. x2
The hell knight is engulfed in freezing vapours. x2
The hell hog is engulfed in freezing vapours. x2
The hell hog breathes fire at you.
The fireball explodes!
The fireball engulfs you!!
You die...

..............##........^.≈≈≈.#
#.............###..........≈..#
*
......>......#####..............
.............####..^(.§.........
#...................§≈≈.....,
≈,, ................†?...≈§≈....
.#........##....≈...≈≈§§§≈§,,,,
###..........≈.≈≈≈..§§§§≈§≈§,,
+#+#....#(......@.≈≈≈≈hh§≈
#.###...##........§§≈§pp§.≈≈≈,
,,
._.###......##.....§≈§h§.§≈§≈, ,
#.###.(.....#.#..§.§≈§h§§≈§ ,
####.............§.§≈§...≈ ,
###................§≈≈.§§≈...,
,, .#...................≈≈≈≈§§..
, .....................§≈§≈.§..,
,,
......(........§§.(..33{.§...**


You could see 2 hell knights and 3 hell hogs.

Vanquished Creatures
  An ancient lich (Crypt:3)
  Boris (Vaults:4)
  the Lernaean hydra (Swamp:4)
  the Enchantress (D:15)
  A bone dragon (Crypt:3)
  4 liches
  6 ancient champions
  Frances (D:12)
  A shadow dragon (Depths:1)
  2 sphinxes (Vaults:3)
  A thorn hunter (Swamp:4)
  Gastronok (D:9)
  2 tengu reavers (Vaults:4)
  Donald (Lair:4)
  A revenant (Crypt:1)
  2 fenstrider witches
  A fire giant (Vaults:4)
  A frost giant (D:15)
  12 vault wardens
  3 orc warlords
  4 ghost moths
  5 emperor scorpions
  3 war gargoyles
  3 spriggan defenders
  4 stone giants
  11 very ugly things
  14 ironbound preservers
  5 vampire knights
  10 entropy weavers
  3 dire elephants
  3 bunyips
  The ghost of Zeteb the Blocker, a journeyman DsWr of Cheibriados (D:15)
  6 ettins
  A spark wasp (Spider:3)
  2 deep elf death magi
  8 eleionomae
  3 jiangshi (Crypt:1)
  14 yaktaur captains
  5 great orbs of eyes
  A fire dragon (D:15)
  Fannar (Lair:2)
  2 shambling mangroves (Swamp:2)
  A quicksilver dragon skeleton (Crypt:2)
  21 hydras
  5 vault guards
  An ogre mage (D:15)
  3 boulder beetles
  A spriggan air mage (D:15)
  14 centaur warriors
  8 ironbound thunderhulks
  3 ghost crabs
  3 peacekeepers
  2 death knights
  7 alligators
  5 two-headed ogres
  7 ironbound frosthearts
  9 dancing weapons
  The ghost of atomjack the Martial Artist, a journeyman DjTm of Dithmenos (D:10)
  4 deep troll shamans (D:15)
  4 orc high priests (Orc:2)
  3 deep troll earth magi
  6 vampire magi
  4 death yaks (Lair:6)
  2 spriggan berserkers
  4 ironbound beastmasters
  2 sun demons (Depths:1)
  10 deep elf knights
  5 soul eaters
  2 hell knights (Crypt:3)
  Nergalle (Lair:3)
  Sonja (D:12)
  A death drake (Swamp:2)
  A fire crab (shapeshifter) (Elf:1)
  A storm dragon zombie (Crypt:2)
  2 goliath frogs
  2 shadow wraiths (Crypt:2)
  An iron troll (D:15)
  3 titan skeletons
  A sea snake (shapeshifter) (Depths:1)
  A glowing orange brain (Vaults:4)
  2 bunyip zombies (Swamp:4)
  11 skeletal warriors
  A flayed ghost (Crypt:2)
  7 spriggan druids
  39 deep trolls
  14 swamp dragons
  16 wizards
  Pikel (D:5)
  6 bog bodies
  A golden dragon skeleton (Crypt:2)
  6 ironbound convokers
  12 orc knights
  3 harpies (Vaults:1)
  20 deep elf zephyrmancers
  10 necromancers
  A lindwurm (shapeshifter) (Vaults:4)
  An iron dragon zombie (Crypt:2)
  5 lindwurms
  6 deep elf archers
  2 anaconda skeletons
  6 phantasmal warriors
  25 deep elf pyromancers
  17 orb spiders
  31 wolf spiders
  40 ugly things
  A fire giant zombie (Vaults:4)
  11 manticores
  8 orc sorcerers
  A salamander (D:15)
  2 shadow dragon skeletons
  A manticore (shapeshifter) (Vaults:1)
  4 oklob plants (Lair:6)
  3 stone giant zombies
  A will-o-the-wisp (Swamp:4)
  A frost giant zombie (Crypt:2)
  A goliath frog skeleton (Crypt:2)
  4 cyclopes
  4 elephants (Lair:6)
  3 black mambas
  2 moths of wrath
  2 guardian serpents (shapeshifter)
  13 vault sentinels
  A stone giant skeleton (Crypt:2)
  20 cane toads
  3 smoke demons (Depths:1)
  Joseph (D:8)
  3 torpor snails
  An ice statue (Lair:5)
  3 gargoyles
  2 elf skeletons
  5 freezing wraiths
  13 komodo dragons
  4 kobold demonologists
  11 demonic crawlers
  2 catoblepas skeletons
  5 rime drakes
  4 tengu conjurers
  A grey draconian skeleton (Crypt:1)
  A sea snake skeleton (Crypt:2)
  An ice devil (Lair:5)
  38 yaktaurs
  34 jumping spiders
  A wolf spider simulacrum (D:15)
  2 bloated husks
  3 trolls
  5 hydra zombies
  A merfolk (D:9)
  17 tyrant leeches
  A harpy skeleton (Crypt:2)
  Grinder (D:5)
  19 hornets
  5 polar bears
  A fire dragon zombie (Crypt:2)
  35 blink frogs
  24 slime creatures
  2 alligator zombies (Swamp:4)
  33 flying skulls
  A jumping spider zombie (Crypt:1)
  3 water elementals
  60 redbacks
  A shadow (D:12)
  A redback (shapeshifter) (Elf:2)
  16 spriggans
  An ettin skeleton (Crypt:1)
  A fire dragon skeleton (Crypt:2)
  15 tarantellas
  An air elemental (Elf:3)
  3 wyverns
  43 yaks
  Eustachio (D:4)
  2 fire elementals
  4 basilisks
  4 wraiths
  28 vampire mosquitoes
  2 steam dragons (D:8)
  5 wargs
  Menkaure (D:4)
  18 swamp worms
  10 water moccasins
  A monstrous demonspawn skeleton (Crypt:2)
  A water nymph skeleton (Crypt:1)
  24 orc warriors
  A fire dragon simulacrum (Depths:1)
  2 sky beasts
  8 swamp drakes
  7 ice beasts
  A black bear (shapeshifter) (D:15)
  A hornet zombie (D:7)
  A black bear (Lair:3)
  A blink frog zombie (Crypt:2)
  11 ogres
  2 necrophages
  24 wolves
  30 centaurs
  2 phantoms (D:4)
  Blork the orc (D:4)
  A draconian zombie (Crypt:1)
  3 kobold brigands
  A gnoll sergeant (Orc:2)
  2 scorpions
  21 bullfrogs
  A glowing shapeshifter simulacrum (Vaults:4)
  3 earth elementals
  2 water moccasin skeletons (Crypt:1)
  6 killer bees (D:10)
  A polar bear skeleton (Crypt:2)
  A swamp dragon simulacrum (Swamp:4)
  4 electric eels
  A howler monkey (D:9)
  4 centaur zombies
  A bullfrog zombie (D:6)
  4 human zombies
  A centaur skeleton (D:7)
  15 orc priests
  A gnoll shaman (D:6)
  2 hounds
  A scorpion zombie (D:5)
  Ijyb (D:4)
  An iguana (D:6)
  15 orc wizards
  4 yak simulacra (D:10)
  A polar bear simulacrum (D:10)
  A wolf simulacrum (D:10)
  2 tengu zombies
  A felid zombie (Crypt:2)
  A hound zombie (D:5)
  4 mummies (Ossuary)
  2 howler monkey zombies
  11 gnolls
  3 adders
  3 shadow imps
  A tengu simulacrum (Crypt:1)
  4 white imps
  2 adder skeletons
  3 worms
  A dart slug (D:4)
  69 orcs
  6 ball pythons
  5 endoplasms
  5 giant cockroaches
  16 goblins
  8 hobgoblins
  6 jackals
  5 quokkas
  4 bats
  2 frilled lizards (D:3)
  A gnoll zombie (Ossuary)
  2 goblin zombies (Ossuary)
  A hobgoblin zombie (Ossuary)
  31 kobolds
  2 orc zombies (Ossuary)
  10 rats
  5 river rat simulacra (D:10)
  2 briar patches (Swamp:4)
1609 creatures vanquished.

Vanquished Creatures (collateral kills)
  A wolf spider (Spider:4)
  A tarantella (Spider:4)
  An acid dragon (D:7)
3 creatures vanquished.

Vanquished Creatures (others)
  An ironbound preserver (Vaults:2)
  A deep elf knight (Elf:1)
  A deep troll (Vaults:2)
  A swamp dragon (Swamp:4)
  A deep elf pyromancer (D:15)
  Psyche (D:8)
  A bloated husk (Swamp:4)
  A hornet (Spider:4)
  A tarantella (Spider:4)
  A wyvern (D:8)
  7 bushes
  9 demonic plants (D:13)
  4 foxfires (Swamp:4)
  55 fungi
  126 plants
211 creatures vanquished.

Grand Total: 1823 creatures vanquished

Notes
Turn   | Place    | Note
-------+----------+-------------------------------------------
     0 | D:1      | Feb132020 the Tengu Air Elementalist began the quest for
                  | the Orb.
     0 | D:1      | Reached XP level 1. HP: 10/10 MP: 4/4
   238 | D:1      | Reached XP level 2. HP: 15/15 MP: 3/6
   241 | D:1      | Learned a level 2 spell: Static Discharge
   970 | D:1      | Reached skill level 5 in Air Magic
  1084 | D:1      | Reached XP level 3. HP: 19/19 MP: 4/7
  2341 | D:2      | Noticed Sigmund
  2976 | D:3      | Reached XP level 4. HP: 24/24 MP: 8/8
  3244 | D:3      | Reached skill level 1 in Short Blades
  3354 | D:3      | Found a runed translucent door.
  3357 | D:3      | Noticed PonderousOgre's ghost (amateur FoEE)
  3622 | D:4      | Noticed an ogre
  3640 | D:3      | Killed an ogre
  3641 | D:3      | Gained mutation: Your magical nature lets you fly swiftly
                  | and evasively. [Tengu growth]
  3641 | D:3      | Reached XP level 5. HP: 12/28 MP: 1/10
  3904 | D:4      | Noticed an orc warrior
  3992 | D:4      | Noticed Menkaure
  4036 | D:4      | Found a hazy altar of Hepliaklqana.
  4038 | D:4      | Found a basalt altar of Yredelemnul.
  4252 | D:3      | Killed an orc warrior
  4253 | D:3      | Reached skill level 6 in Air Magic
  4253 | D:3      | Reached XP level 6. HP: 18/33 MP: 5/12
  4257 | D:3      | Learned a level 3 spell: Swiftness
  4262 | D:3      | Learned a level 4 spell: Airstrike
  4538 | D:4      | Found an ancient bone altar of Kikubaaqudgha.
  4538 | D:4      | Found a hide-covered altar of Uskayaw.
  4544 | D:4      | Found a sacrificial altar of Ru.
  4724 | D:4      | Reached XP level 7. HP: 23/37 MP: 8/13
  4978 | D:4      | Reached skill level 1 in Fighting
  5021 | D:4      | Noticed Eustachio
  5212 | D:4      | Noticed Blork the orc
  5228 | D:4      | Killed Blork the orc
  5296 | D:4      | Reached skill level 7 in Air Magic
  5436 | D:4      | Killed Eustachio
  5437 | D:4      | Reached skill level 5 in Conjurations
  5437 | D:4      | Reached XP level 8. HP: 42/43 MP: 5/15
  5520 | D:4      | Killed Menkaure
  5693 | D:4      | Noticed Ijyb
  5710 | D:4      | Killed Ijyb
  5993 | D:5      | Entered Level 5 of the Dungeon
  6031 | D:5      | Noticed Grinder
  6102 | D:4      | Reached skill level 5 in Spellcasting
  6305 | D:5      | Noticed Edmund
  6418 | D:5      | Killed Grinder
  6419 | D:5      | Reached skill level 8 in Air Magic
  6684 | D:5      | Found Zacauboh's Armour Shoppe.
  6804 | D:5      | Reached XP level 9. HP: 33/47 MP: 12/18
  6935 | D:5      | Noticed Pikel
  6942 | D:5      | Killed Pikel
  6943 | D:5      | Reached skill level 9 in Air Magic
  6986 | D:5      | Found a staircase to the Ecumenical Temple.
  6998 | Temple   | Entered the Ecumenical Temple
  7003 | Temple   | Became a worshipper of Ashenzari the Shackled
  7173 | D:5      | Upgraded the game from 0.27-a0-1230-gfc7c993222 to
                  | 0.27-a0-1242-ge70438ac7b
  7202 | D:6      | Noticed a kobold demonologist
  7205 | D:6      | Killed a kobold demonologist
  7462 | D:6      | Learned a level 5 spell: Lightning Bolt
  7549 | D:5      | Bought a +2 buckler for 198 gold pieces
  8443 | D:7      | Reached skill level 5 in Stealth
  8444 | D:7      | Noticed a manticore
  8451 | D:7      | Killed a manticore
  8452 | D:7      | Reached XP level 10. HP: 43/54 MP: 13/22
  8462 | D:7      | Noticed a gargoyle
  8557 | D:7      | Reached skill level 10 in Air Magic
  8841 | D:7      | Killed a gargoyle
  9326 | D:7      | Noticed a moth of wrath
  9329 | D:7      | Found a bloodstained altar of Trog.
  9862 | D:8      | Reached skill level 1 in Maces & Flails
  9899 | D:7      | Reached skill level 1 in Shields
  9994 | D:8      | Found a sand-covered staircase.
 10001 | Ossuary  | Entered an ossuary
 10123 | Ossuary  | Gained mutation: You are partially covered in iridescent
                  | scales. (AC +2) [potion of mutation]
 10123 | Ossuary  | Gained mutation: Your spells are a little harder to cast,
                  | but a little more powerful. [potion of mutation]
 10123 | Ossuary  | Gained mutation: Armour fits poorly on your strangely
                  | shaped body. [potion of mutation]
 10123 | Ossuary  | Gained mutation: You have a pair of small antennae on your
                  | head. [potion of mutation]
 10373 | D:8      | Noticed Joseph
 10379 | D:8      | Killed Joseph
 10739 | D:8      | Noticed Psyche
 10752 | D:8      | Killed Psyche
 11123 | D:8      | Reached skill level 11 in Air Magic
 11534 | D:8      | Found a staircase to the Lair.
 11536 | D:8      | Reached XP level 11. HP: 48/60 MP: 25/25
 11733 | Lair:1   | Entered Level 1 of the Lair of Beasts
 11872 | Lair:1   | Reached skill level 5 in Dodging
 12084 | Lair:1   | Reached * piety under Ashenzari
 13077 | Lair:2   | Reached skill level 12 in Air Magic
 13143 | Lair:2   | Reached ** piety under Ashenzari
 13223 | Lair:2   | Reached skill level 1 in Armour
 13329 | Lair:2   | Noticed a five-headed hydra
 13333 | Lair:2   | Killed a five-headed hydra
 13813 | D:5      | Bought a +2 pair of gloves for 198 gold pieces
 14127 | Lair:2   | Noticed Fannar
 14139 | Lair:2   | Killed Fannar
 14345 | Lair:2   | Reached XP level 12. HP: 69/69 MP: 29/29
 14577 | Lair:3   | Reached skill level 13 in Air Magic
 15119 | Lair:3   | Found a hole to the Spider Nest.
 15213 | Lair:3   | Noticed Nergalle
 15295 | Lair:2   | Reached skill level 5 in Maces & Flails
 15295 | Lair:2   | Reached skill level 10 in Spellcasting
 15471 | Lair:3   | Reached skill level 14 in Air Magic
 15724 | Lair:3   | Killed Nergalle
 15725 | Lair:3   | Reached skill level 5 in Shields
 16541 | Lair:4   | Found a staircase to the Swamp.
 16629 | Lair:4   | Learned a level 3 spell: Dazzling Flash
 16890 | Lair:4   | Noticed a six-headed hydra
 16904 | Lair:4   | Killed a six-headed hydra
 16905 | Lair:4   | Reached XP level 13. HP: 76/76 MP: 9/31
 17128 | Lair:4   | Identified the +2 robe "Enyqauh" {Rampage Will- rCorr
                  | Slay+2}
 17257 | Lair:4   | Reached skill level 15 in Air Magic
 18526 | Lair:5   | Learned a level 4 spell: Sticky Flame
 18526 | Lair:5   | Reached *** piety under Ashenzari
 18598 | Lair:5   | Reached skill level 1 in Fire Magic
 19511 | Lair:6   | Entered Level 6 of the Lair of Beasts
 19791 | Lair:5   | Reached skill level 1 in Evocations
 20487 | Lair:6   | Reached XP level 14. HP: 84/84 MP: 34/34
 20614 | Lair:6   | Reached skill level 16 in Air Magic
 20716 | Lair:6   | Reached skill level 5 in Fire Magic
 21373 | Lair:6   | Identified the ring of Egaumi {+Blink rF+ rC+ Dex+4}
 21862 | Lair:6   | Identified the +5 scimitar of the Saving Badger {flame,
                  | rCorr Int+3}
 21863 | Lair:6   | Identified the +7 great sword "Baicit" {vorpal, Contam
                  | rCorr Stlth+}
 22452 | Lair:6   | Found a staircase to the Slime Pits.
 22553 | Lair:6   | Learned a level 5 spell: Fireball
 22987 | D:9      | Noticed Gastronok
 23126 | D:9      | Reached skill level 5 in Fighting
 23156 | D:9      | Found a staircase to the Orcish Mines.
 23367 | D:9      | Killed Gastronok
 23390 | D:9      | Found Camudud's Book Shop.
 23397 | D:9      | Bought a book of Clouds for 540 gold pieces
 23401 | D:9      | Learned a level 3 spell: Mephitic Cloud
 23408 | D:9      | Learned a level 5 spell: Freezing Cloud
 23481 | D:9      | Reached **** piety under Ashenzari
 23529 | D:9      | Found Nushed's General Store.
 23587 | D:9      | Found Azxaczan's Antique Weapon Shoppe.
 23638 | Orc:1    | Entered Level 1 of the Orcish Mines
 23638 | Orc:1    | Found a flagged portal.
 23645 | Bailey   | Entered a bailey
 23650 | Bailey   | Noticed an orc warlord
 23707 | Bailey   | Found a runed translucent gate.
 23726 | Bailey   | Found a runed translucent gate.
 23728 | Bailey   | Found a runed translucent gate.
 23858 | Bailey   | Killed an orc warlord
 23967 | Bailey   | Reached XP level 15. HP: 93/93 MP: 37/37
 23974 | Bailey   | Reached XP level 16. HP: 100/100 MP: 38/38
 24098 | Orc:1    | Found Socruykh's Distillery.
 24358 | Orc:2    | Entered Level 2 of the Orcish Mines
 24381 | Orc:2    | Found a staircase to the Elven Halls.
 24508 | Orc:2    | Reached skill level 1 in Ice Magic
 24893 | Orc:2    | Found a runed translucent door.
 25021 | Orc:2    | Paralysed by an orc sorcerer for 5 turns
 25239 | Orc:2    | Found Jasueh's Book Boutique.
 25246 | Orc:2    | Found Vaitiur's Armour Emporium.
 25248 | Orc:2    | Found Yris's Distillery.
 25273 | Orc:2    | Found Baomos's Antique Weapon Boutique.
 25552 | Orc:2    | Reached ***** piety under Ashenzari
 25609 | Orc:2    | Reached XP level 17. HP: 106/106 MP: 25/40
 25966 | Orc:1    | Upgraded the game from 0.27-a0-1242-ge70438ac7b to
                  | 0.27-a0-1248-g57ac2eb73c
 26058 | Orc:2    | Bought the +3 pair of gauntlets of War {Slay+5} for 807
                  | gold pieces
 26058 | Orc:2    | Found the +3 pair of gauntlets of War {Slay+5}
 26168 | D:10     | Entered Level 10 of the Dungeon
 26280 | D:10     | Found a runed translucent door.
 26281 | D:10     | Noticed atomjack's ghost (journeyman DjTm)
 26342 | D:10     | Reached skill level 17 in Air Magic
 26361 | D:10     | Found Teixkel's General Store.
 26472 | D:10     | Found a white marble altar of Elyvilon.
 27024 | D:10     | Killed atomjack's ghost
 27799 | D:12     | Noticed Sonja
 27801 | D:12     | Killed Sonja
 27845 | D:12     | Noticed Frances
 28740 | D:12     | Killed Frances
 28762 | D:13     | Reached skill level 5 in Armour
 28879 | D:13     | Found a corrupted altar of Lugonu.
 29025 | D:13     | Found a gate to the Vaults.
 29846 | D:13     | Reached skill level 10 in Maces & Flails
 30120 | D:14     | Found a portal to a secret trove of treasure.
 30237 | D:14     | Found an iron altar of Okawaru.
 30709 | D:15     | Entered Level 15 of the Dungeon
 31230 | D:14     | Reached skill level 10 in Shields
 31458 | D:15     | Learned a level 2 spell: Passwall
 31528 | D:15     | Identified the -4 helmet of the Damp Swan {-Cast rF+ rC++
                  | Regen+}
 31587 | D:15     | Found a staircase to the Depths.
 31631 | D:15     | Found a runed translucent gate.
 31680 | D:15     | Reached skill level 1 in Transmutations
 31775 | D:15     | Reached XP level 18. HP: 115/116 MP: 42/42
 31909 | D:15     | Found a runed translucent gate.
 31910 | D:15     | Found a runed translucent gate.
 31911 | D:15     | Identified the +4 war axe "Ogreslayer" {venom, Str+4}
 31912 | D:15     | Identified the +6 plate armour "Upyrhoe" {rCorr}
 31915 | D:15     | Identified the +0 helmet of the Tired Thickets {rPois
                  | Will+}
 31931 | D:15     | Noticed Zeteb's ghost (journeyman DsWr)
 31992 | D:15     | Killed Zeteb's ghost
 32102 | D:15     | Reached skill level 1 in Earth Magic
 32528 | Swamp:1  | Entered Level 1 of the Swamp
 32783 | Swamp:1  | Noticed Donald
 32923 | Lair:4   | Killed Donald
 34163 | Swamp:1  | Reached skill level 10 in Conjurations
 35440 | Swamp:2  | Reached skill level 18 in Air Magic
 35440 | Swamp:2  | Reached XP level 19. HP: 122/122 MP: 43/43
 35726 | Swamp:3  | Identified the +0 robe of the Pink Corner {Rampage rElec
                  | Int+4 Slay-2}
 35912 | Swamp:3  | Paralysed by a hornet for 1 turns
 35918 | Swamp:3  | Upgraded the game from 0.27-a0-1248-g57ac2eb73c to
                  | 0.27-a0-1272-g7c8ad2e407
 36510 | Swamp:4  | Entered Level 4 of the Swamp
 36696 | Swamp:4  | Learned a level 2 spell: Blink
 36712 | Swamp:4  | Reached skill level 10 in Dodging
 37038 | Swamp:4  | Paralysed by a fenstrider witch for 6 turns
 37129 | Swamp:4  | Reached skill level 1 in Translocations
 38208 | Swamp:4  | Reached XP level 20. HP: 128/128 MP: 12/45
 38579 | Swamp:4  | Noticed the 27-headed Lernaean hydra
 38590 | Swamp:4  | Killed the 27-headed Lernaean hydra
 38999 | Swamp:4  | Got a decaying rune of Zot
 39169 | Spider:1 | Entered Level 1 of the Spider Nest
 39178 | Spider:1 | Identified the ring of Lyru {rPois rC+ rCorr Int+4 Dex+4}
 40697 | Spider:2 | Reached skill level 5 in Earth Magic
 41728 | Spider:3 | Reached skill level 10 in Fire Magic
 42399 | Spider:4 | Entered Level 4 of the Spider Nest
 43785 | Spider:4 | Reached XP level 21. HP: 135/135 MP: 25/46
 43994 | Spider:4 | Got a gossamer rune of Zot
 44495 | Vaults:1 | Entered Level 1 of the Vaults
 45370 | Vaults:1 | Reached ****** piety under Ashenzari
 45411 | Vaults:1 | Found Hozugumo's Jewellery Shop.
 45716 | Vaults:1 | Identified a scroll of acquirement
 45775 | Vaults:1 | Acquired Feb132020's Collected Works on Creation and Air
 45785 | Vaults:1 | Learned a level 7 spell: Storm Form
 45959 | Vaults:1 | Reached skill level 19 in Air Magic
 47005 | Vaults:2 | Learned a level 5 spell: Lee's Rapid Deconstruction
 47568 | Vaults:2 | Reached XP level 22. HP: 135/145 MP: 31/49
 48694 | D:9      | Bought a potion of magic for 104 gold pieces
 48694 | D:9      | Bought 2 potions of heal wounds for 130 gold pieces
 48780 | Orc:1    | Bought a potion of heal wounds for 85 gold pieces
 48780 | Orc:1    | Bought a potion of haste for 170 gold pieces
 48780 | Orc:1    | Bought a potion of haste for 170 gold pieces
 48780 | Orc:1    | Bought a potion of magic for 136 gold pieces
 48780 | Orc:1    | Bought 2 potions of magic for 272 gold pieces
 48810 | Elf:1    | Entered Level 1 of the Elven Halls
 49428 | Elf:1    | Identified the +1 ring mail of Intuition {rElec Will+}
 49743 | Elf:1    | Identified the Volume of Creative Battle Magic
 50158 | Elf:1    | Found an ancient bone altar of Kikubaaqudgha.
 50259 | Elf:2    | Reached skill level 10 in Armour
 50302 | Elf:2    | Found a runed translucent gate.
 50302 | Elf:2    | Found a runed translucent gate.
 50302 | Elf:2    | Found a runed translucent gate.
 50565 | Elf:3    | Entered Level 3 of the Elven Halls
 50712 | Elf:3    | Reached skill level 10 in Stealth
 50792 | Elf:3    | Identified the +5 lajatang of Imminent Death {flame,
                  | *Corrode *Slow rElec rC+++}
 50793 | Elf:3    | Found the +6 shillelagh "Devastator" {shatter}
 50826 | Elf:3    | Identified the +4 spear of Fuatoog {flame, rCorr}
 51040 | Elf:3    | Identified the +9 hand crossbow "Soexib" {elec, rPois rN++}
 51041 | Elf:3    | Identified the Handbook of Creative Fire
 51405 | Elf:3    | Identified the ring of Hoel {AC+4 Str+5 Int-3}
 51413 | Elf:3    | Identified Sif Muna's Papyrus of Creation and Clay
 51429 | Elf:3    | Identified the ring "Trusted Companion" {Will+ MP+9 Str-2
                  | Dex+4}
 51776 | Vaults:3 | Found a staircase to the Crypt.
 51804 | Vaults:3 | Reached skill level 20 in Air Magic
 52278 | Vaults:3 | Paralysed by a great orb of eyes for 4 turns
 52703 | Vaults:3 | Reached skill level 15 in Spellcasting
 53065 | Vaults:3 | Reached XP level 23. HP: 144/152 MP: 47/51
 53451 | Vaults:3 | Upgraded the game from 0.27-a0-1272-g7c8ad2e407 to
                  | 0.27-a0-1277-g3808f8b1c9
 53649 | Vaults:4 | Noticed Boris
 53692 | Vaults:4 | Reached skill level 1 in Necromancy
 54164 | Vaults:4 | Cast into level 3 of the Abyss (a wizard)
 54178 | Abyss:3  | Identified the +0 robe "Sekluwnu" {rF+ Str+4}
 54210 | Vaults:4 | Escaped the Abyss
 54288 | Vaults:4 | Identified the +8 short sword of the Land of Plenty {elec,
                  | rN+ Str+2}
 54913 | Vaults:4 | Learned a level 4 spell: Dispel Undead
 54926 | Vaults:4 | Identified the +2 hat of the Evening {rC+ Str-2 Dex+8}
 54927 | Vaults:4 | Identified the -1 hat of Ivewoj {-Tele Harm rElec}
 54940 | Vaults:4 | Found a radiant altar of Vehumet.
 54945 | Vaults:4 | Identified the +0 hat "Kiprynea" {+Inv rF- rC+ Str+4}
 55232 | Vaults:4 | Killed Boris
 55550 | Crypt:1  | Entered Level 1 of the Crypt
 55946 | Crypt:1  | Reached skill level 5 in Necromancy
 57278 | Crypt:3  | Entered Level 3 of the Crypt
 57334 | Crypt:3  | Reached XP level 24. HP: 159/159 MP: 52/52
 57427 | Crypt:3  | Identified Jezxil's Catalogue of Attacks
 57429 | Crypt:3  | Noticed Mennas
 57527 | Crypt:3  | Identified the +0 barding "Emeklad" {rF+ rN+ Str+2}
 57550 | Crypt:3  | Noticed Khufu
 57552 | Crypt:3  | Noticed a royal mummy
 57557 | Crypt:3  | Noticed Jory
 57813 | Crypt:3  | Noticed an ancient lich
 57849 | Crypt:3  | Killed an ancient lich
 58083 | Crypt:2  | Identified the +10 great sword of Equilibrium {vorpal,
                  | Dex+5}
 58150 | Crypt:2  | Noticed a dread lich
 58248 | Crypt:2  | Noticed Asajosug's ghost (legendary GrBe)
 58249 | Crypt:2  | Identified the +9 battleaxe "Nilihub" {vamp, Fly Str-3
                  | Int+3}
 58258 | Crypt:2  | Reached skill level 21 in Air Magic
 58645 | Crypt:2  | Found a runed translucent gate.
 58645 | Crypt:2  | Found a runed translucent gate.
 58646 | Crypt:2  | Found a runed translucent gate.
 58673 | Crypt:2  | Reached skill level 10 in Fighting
 58747 | Crypt:2  | Found the +6 Majin-Bo {vamp, MP+6 Int+6}
 59006 | Crypt:2  | Paralysed by a dread lich for 6 turns
 59261 | Depths:1 | Entered Level 1 of the Depths
 59337 | Depths:1 | Found a glowing silver altar of Zin.
 59347 | Depths:1 | Found a gateway to Hell.
 59547 | Depths:1 | Found a flickering gateway to a bazaar.
 59548 | Depths:1 | Noticed the Enchantress
 59573 | Bazaar   | Entered a bazaar
 59573 | Bazaar   | Found Dosad's Assorted Antiques.
 59573 | Bazaar   | Found Bosahed's Assorted Antiques.
 59673 | Bazaar   | Found Wozamyvo's Distillery.
 59688 | Bazaar   | Found Baelerur's General Store.
 59710 | Bazaar   | Bought a potion of lignification for 30 gold pieces
 59710 | Bazaar   | Bought a potion of experience for 500 gold pieces
 59710 | Bazaar   | Bought a potion of invisibility for 80 gold pieces
 59710 | Bazaar   | Bought a potion of resistance for 100 gold pieces
 59720 | Bazaar   | Bought a potion of heal wounds for 140 gold pieces
 60258 | D:15     | Killed the Enchantress
 60259 | D:15     | Reached skill level 15 in Shields
 60758 | Depths:1 | Found a sparkling altar of Nemelex Xobeh.
 60791 | Depths:1 | Killed from afar by a hell hog

Illustrated notes

Levels and vault maps discovered:
D:1:      heliophobic_arrival_battle_scene, layout_loops_cross
D:2:      layout_basic, minmay_statues_item, minmay_goblin_outpost, uniq_sigmund
D:3:      layout_loops_ring, ebering_ghost_inner_flame, minmay_misc_feat_roman,
          hangedman_abyss_or_decor_lesser_grid
D:4:      cheibrodos_barr_body, layout_cave_pools,
          nicolae_overflow_hidden_temple, kennysheep_generic_room_16,
          uniq_eustachio, uniq_blork_the_orc, uniq_menkaure, uniq_ijyb
D:5:      layout_rooms, minmay_temple_entry_sparse_star, serial_shops, shop,
          uniq_grinder, uniq_edmund, uniq_pikel
D:6:      layout_rooms
D:7:      minmay_chambers_of_sixes, layout_cave_pods, tgw_trog,
          minmay_misc_feat_secret_circle, minmay_fountain_box,
          minmay_manual_mares
D:8:      layout_basic, erik_lair_dragon, chequers_ossuary_entry_cave,
          uniq_psyche, uniq_joseph
D:9:      layout_roguey, david_orc_5, serial_shops, shop_fountains,
          kennysheep_mini, kennysheep_little_box, hangedman_fish_farm,
          uniq_gastronok
D:10:     layout_small_grid, kennysheep_mini_moat, serial_shops,
          nicolae_shop_statue_plus, gammafunk_ghost_grave,
          eino_house_with_fridge
D:11:     layout_roguey, serial_corexii_hall, corexii_hall_statues_x,
          corexii_hall_statues_i, minivault_19, kennysheep_generic_room_15
D:12:     layout_basic, hangedman_abyss_or_decor_stabs, uniq_sonja, uniq_frances
D:13:     kennysheep_kobold_lugonu_temple, layout_basic, david_vaults_4
D:14:     layout_loops_corners, chequers_serial_rivers_large_a,
          trove_entry_hex_spiral, kennysheep_okawaru_gauntlet
D:15:     hangedman_depths_entry_try_elsewhere_first, layout_loops_ring,
          serial_park_avenue1, biasface_ghost_orc_armoury
Temple:   minmay_freezing_vapour_temple
Lair:1:   layout_chaotic_city
Lair:2:   layout_hall_layers, uniq_fannar
Lair:3:   layout_gridlike, nicolae_spider_entry_tight_spaces,
          serial_bayou_pond_d, infiniplex_staircase_pool_2, lemuel_fruit_tree,
          serial_bayou_shore_a, uniq_nergalle
Lair:4:   onia_ninara_swampy_vault, layout_small_grid, minmay_swamp_entry_worms
Lair:5:   layout_gridlike, chequers_serial_rivers_small_3, ice2_lemuel,
          serial_bayou_shore_b
Lair:6:   minmay_lair_end_frog_pond, layout_cave_pods, slime_dummy,
          minmay_lair_oklob_chamber
Swamp:1:  layout_falls_marsh, nicolae_swamp_ascending_descending, uniq_donald
Swamp:2:  layout_basic_swamp, nicolae_swamp_well_well_well
Swamp:3:  layout_basic_swamp, evilmike_swamp_ruin_house_3, swamp_pool1,
          grunt_hermit_hut
Swamp:4:  swamp_old_school, layout_basic_swamp, nicolae_swamp_necromancer_hut,
          infiniplex_staircase_pool
Spider:1: layout_chambers
Spider:2: layout_chambers, nicolae_spider_cling_halls
Spider:3: layout_spider_delve, nicolae_spider_webbed_stairs
Spider:4: spider_rune_water
Orc:1:    layout_diamond_mine, serial_shops,
          nicolae_shop_temple_entry_statues_fountains, enter_bailey_2
Orc:2:    st_orc_elflike, layout_diamond_mine, lightli_church_of_beogh
Elf:1:    eino_elf_arrival_the_gate, layout_loops_corners, minmay_elf_sorcery,
          lemuel_upstairs_altar
Elf:2:    layout_gridlike
Elf:3:    grunt_elf_hall_branching, layout_gridlike
Vaults:1: nicolae_vaults_sealed_display, nicolae_vaults_network_star,
          hangedman_vaults_snaps, st_octagons_1, grunt_vaults_hallway_short,
          vaults_room_corners, v_misc_23, hangedman_vaults_impose,
          vaults_dpeg_ring, layout_vaults_chaotic_city, serial_shops, shop
Vaults:2: v_pattern_3, grunt_vaults_focal, v_misc_2, nicolae_vaults_triangles,
          v_misc_18, ontoclasm_vaults_decontamination, layout_vaults_omnigrid
Vaults:3: minmay_crypt_entry_simple_plaza, v_misc_24,
          nicolae_vaults_little_squares_2, ontoclasm_vaults_spin,
          vaults_room_fancy_cross, nicolae_vaults_ninety_degrees,
          dpeg_vaults_pockets_of_resistance, vaults_mumra_hexcomb,
          vaults_room_door_ring, ontoclasm_vaults_twist, layout_vaults_omnibox
Vaults:4: nicolae_vaults_big_angled_halls, vaults_dpeg_spiral, v_misc_33,
          vaults_room_corners, grunt_tower_of_power,
          nicolae_vaults_little_squares_3, vaults_dpeg_hooks,
          dpeg_vaults_monster_box, nicolae_vaults_border_crossing,
          ontoclasm_vaults_idyll, ontoclasm_vaults_chip,
          layout_vaults_omnicross, uniq_boris
Crypt:1:  layout_gridlike, grunt_crypt_arrival_webbed
Crypt:2:  minmay_guarded_unrand_majin_bo, layout_chaotic_city,
          gammafunk_ghost_necromancy, minicrypt_bobbens
Crypt:3:  cryptofortress_bobbens, uniq_margery, uniq_jory, uniq_mennas,
          uniq_khufu
Depths:1: layout_cross, nemelex_diamond_rough_becter, hellmouth_3, serial_shops,
          bzr_in_the_mist, zin_academy, uniq_enchantress

Skill      XL: |  1  2  3  4  5  6  7  8  9 10 11 12 13 14 15 16 17 18 19 20 21 22 23 24 |
---------------+-------------------------------------------------------------------------+-----
Air Magic      | 5 6 7 8 9 11 12 14 15 16 17 18 19 20 21 | 21.3
Short Blades   | 1 2 3 4 |  4.1
Spellcasting   | 3 4 5 7 8 9 10 11 12 13 14 15 16 | 16.4
Conjurations   | 2 3 5 6 7 8 9 10 11 | 11.2
Stealth        | 3 4 5 6 7 8 9 10 11 | 11.0
Fighting       | 1 2 3 4 5 6 7 8 9 10 | 10.2
Dodging        | 3 4 5 6 7 8 9 10 11 12 13 | 13.6
Maces & Flails | 2 4 5 6 8 10 11 12 13 14 | 14.3
Shields        | 2 3 5 6 7 8 10 12 13 14 15 | 15.0
Armour         | 3 4 5 7 9 10 11 | 11.0
Fire Magic     | 4 8 9 10 | 10.8
Evocations     | 2 3 4 |  4.7
Ice Magic      | 2 |  2.0
Transmutations | 1 2 3 |  3.4
Earth Magic    | 3 4 5 6 7 |  7.4
Translocations | 2 |  2.0
Necromancy     | 6 8 |  8.2
Hexes          | |  0.1
Poison Magic   | |  0.2

Action                   |  1- 3 |  4- 6 |  7- 9 | 10-12 | 13-15 | 16-18 | 19-21 | 22-24 || total
-------------------------+-------+-------+-------+-------+-------+-------+-------+-------++-------
Melee: Rapier            |    17 |    14 |       |       |       |       |       |       ||    31
       Kick              |       |     7 |    17 |   142 |   345 |   440 |   750 |   735 ||  2436
       Peck              |       |     3 |    14 |    83 |   224 |   279 |   476 |   491 ||  1570
       Dagger            |       |     4 |    57 |   112 |       |       |       |       ||   173
       Club              |       |       |    13 |   408 |   994 |  1150 |  1840 |  1730 ||  6135
 Cast: Shock             |    79 |    66 |   100 |    73 |    39 |    50 |   100 |    20 ||   527
       Static Discharge  |     2 |     1 |    18 |    17 |     6 |       |       |       ||    44
       Airstrike         |       |       |    14 |   130 |   127 |   119 |   123 |   162 ||   675
       Lightning Bolt    |       |       |       |     5 |       |     3 |       |       ||     8
       Sticky Flame      |       |       |       |       |    29 |    12 |    33 |    30 ||   104
       Dazzling Flash    |       |       |       |       |     5 |     2 |     8 |     2 ||    17
       Fireball          |       |       |       |       |     3 |    18 |    43 |    26 ||    90
       Mephitic Cloud    |       |       |       |       |       |     7 |     3 |     1 ||    11
       Blink             |       |       |       |       |       |       |     2 |     6 ||     8
       Passwall          |       |       |       |       |       |       |       |     2 ||     2
       Lee's Rapid Decon |       |       |       |       |       |       |       |    21 ||    21
       Dispel Undead     |       |       |       |       |       |       |       |    20 ||    20
       Freezing Cloud    |       |       |       |       |       |       |       |     2 ||     2
Invok: Curse Item        |       |       |     1 |     2 |     3 |     3 |     3 |       ||    12
       Shatter the Chain |       |       |       |       |       |     2 |     1 |       ||     3
 Abil: Evoke Blink       |       |       |       |       |       |     2 |     1 |       ||     3
Evoke: Wand              |       |       |       |     1 |       |       |     4 |    13 ||    18
       Phantom mirror    |       |       |       |     1 |       |       |     1 |       ||     2
       Condenser vane    |       |       |       |       |       |     1 |     1 |     2 ||     4
       Lightning rod     |       |       |       |       |       |       |     4 |     6 ||    10
       Tin of tremorston |       |       |       |       |       |       |     1 |     2 ||     3
  Use: Scroll            |       |     4 |     5 |     3 |     4 |     4 |     3 |     8 ||    31
       Potion            |       |       |       |     3 |     2 |     4 |     4 |     7 ||    20
 Stab: Sleeping          |     2 |     2 |     8 |     8 |     5 |    32 |    19 |    44 ||   120
       Distracted        |       |       |       |     3 |     2 |     3 |     5 |     9 ||    22
       Invisible         |       |       |       |     1 |     6 |     2 |     5 |       ||    14
       Confused          |       |       |       |       |       |     4 |     3 |       ||     7
Armor: Robe              |     7 |     3 |    14 |    44 |       |       |       |       ||    68
       Troll leather arm |       |       |       |    48 |   138 |    56 |   341 |   192 ||   775
       Acid dragon scale |       |       |       |       |       |   114 |       |       ||   114
Dodge: Dodged            |    28 |     7 |    60 |   295 |   482 |   545 |  1317 |   834 ||  3568
Block: Buckler           |       |       |     5 |   338 |   651 |   749 |  1438 |  1041 ||  4222
       Reflection        |       |       |       |     4 |     7 |    51 |    45 |    59 ||   166

Table legend: (Time is in decaauts)
 A = Elapsed time spent in this place.
 B = Non-inter-level travel time spent in this place.
 C = Inter-level travel time spent in this place.
 D = Time resting spent in this place.
 E = Time spent auto-exploring this place.
 F = Levels seen in this place.
 G = Mean time per level.
                   A        B        C        D        E       F      G
               +--------+--------+--------+--------+--------+-----+--------+
         Total |  55960 |  51255 |   4705 |   3253 |  34527 |  47 | 1190.6 |
       Dungeon |  19752 |  17389 |   2363 |    843 |  12950 |  15 | 1316.8 |
        Temple |     10 |      5 |      5 |      0 |      0 |   1 |   10.0 |
          Lair |  10688 |   9930 |    758 |    463 |   6987 |   6 | 1781.3 |
         Swamp |   5230 |   5028 |    202 |    776 |   3135 |   4 | 1307.5 |
   Spider Nest |   4506 |   4226 |    280 |      7 |   3187 |   4 | 1126.5 |
  Orcish Mines |   1983 |   1653 |    330 |      5 |   1106 |   2 |  991.5 |
   Elven Halls |   2428 |   2222 |    206 |      2 |   1618 |   3 |  809.3 |
        Vaults |   6709 |   6257 |    452 |    699 |   3350 |   4 | 1677.2 |
         Crypt |   3153 |   3047 |    106 |    328 |   1530 |   3 | 1051.0 |
        Depths |    602 |    602 |      0 |     86 |    150 |   1 |  602.0 |
         Abyss |     41 |     41 |      0 |      0 |      0 |   1 |   41.0 |
        Bazaar |    150 |    150 |      0 |      0 |    124 |   1 |  150.0 |
       Ossuary |    322 |    322 |      0 |     39 |    153 |   1 |  322.0 |
        Bailey |    380 |    380 |      0 |      0 |    233 |   1 |  380.0 |
               +--------+--------+--------+--------+--------+-----+--------+

Top non-repeatable levels by time:
  Lair:6: 2545 daAuts
  Lair:4: 2246 daAuts
     D:8: 2118 daAuts
     D:4: 2054 daAuts
 Swamp:4: 2014 daAuts
     D:7: 1971 daAuts
Vaults:3: 1943 daAuts
Vaults:1: 1835 daAuts
    D:15: 1710 daAuts
  Lair:3: 1710 daAuts
     D:1: 1684 daAuts
   Orc:2: 1584 daAuts
Spider:4: 1581 daAuts
  Lair:5: 1578 daAuts
Vaults:4: 1523 daAuts
